AoeStats
← 859

Migration

508837993Analyzed
1v1 RM · 9d ago on Sep 24, 2026· 32m 30s· 2 players
Game mode
Random Map
Map size
132×132
Population
200
Speed
Normal
Resources
Standard
Victory
Conquest
Starting age
Dark Age
Ending age
Imperial Age
RankedLock teamsTeams togetherTeam positionsShared explorationLock speedFull tech treeHidden civsTurbo modeCheats
Victory
Defeat
🇨🇳 Saxons · China
1179
+15
🇨🇳 Persians · China
1147
-15
859
12:53 Feudal Age
15:19 Double-Bit Axe
18:56 Castle Age
17:21 Fletching
17:31 Padded Archer Armor
19:48 Wheelbarrow
18:59 Loom
19:51 Bow Saw
20:07 Medium Warships
21:36 Horse Collar
21:51 Gold Mining
23:24 Heavy Plow
23:45 Stone Mining
25:45 Scale Barding Armor
27:31 Pikeman
27:56 Gambesons
28:12 Squires
27:57 Arson
29:11 Bloodlines
29:03 Husbandry
30:27 Hand Cart
35:13 Imperial Age
盗无华
12:06 Feudal Age
13:07 Double-Bit Axe
16:58 Castle Age
14:50 Gold Mining
14:54 Fishing Lines
16:48 Fletching
17:56 Wheelbarrow
18:18 Bodkin Arrow
18:39 Bow Saw
24:02 Horse Collar
26:12 Gold Shaft Mining
25:29 Stone Mining
27:06 Loom
29:53 Imperial Age
28:01 Heavy Plow
28:12 Gillnets
28:38 Scale Mail Armor
29:11 Arson
29:12 Gambesons
30:19 Chain Mail Armor
30:12 Shield Wall
31:33 Elite Varangian Guard
Connection lost

Rejoining the realm…

Still unreachable

The connection could not be restored.

Session expired

The server has moved on; the page needs a fresh start.